[Event "44th Chess Olympiad Women 2022"]
[Site "Chennai"]
[Date "2022.08.03"]
[Round "6.25"]
[White "Jannatul, Ferdous"]
[Black "Mahdian, Anousha"]
[Result "1/2-1/2"]
[WhiteElo "1815"]
[BlackElo "2161"]
[Annotator "TA"]
[PlyCount "129"]
[EventDate "2022.??.??"]
[TimeControl "60"]

1. e4 c6 2. d4 d5 3. Nc3 dxe4 4. Nxe4 Nf6 5.
Nxf6+ exf6 6. c3 Bd6 7. Bd3 O-O 8. Ne2 Re8 9. O-O Nd7 10. Bf4 {[%emt 0:00:30] 10.Bf4 scores better than 10.Ng3.}
Nf8 11. Bxd6 Qxd6 12. Ng3 {
[%emt 0:00:21] B15: Caro-Kann: 3 Nc3:3...g6 and 3...dxe4 4 Nxe4 Nf6 5 Nxf6+
exf6.} g6 13. Ne4 Qd8 14.
Re1 {[%emt 0:00:19][%cal Ye4f6] [#] Black must now prevent Nxf6+!} Ne6 {
[%emt 0:02:42] [#]} 15. Qf3 $146 ({Predecessor:} 15. Bc4 f5
16. Nd2 Ng5 17. Rxe8+ Qxe8 18. Nf3 Be6 19. Nxg5 Bxc4 20. b3 Be6 21. Qd2 {
½-½ (40) Budima,A (2171)-Dishman,S (2316) Struga 2021}) 15... f5 16. Nc5 Nxc5 17. dxc5 Rxe1+ 18. Rxe1 Be6 {[%emt 0:00:11] Against
Bc4} 19. a3 a5 20. h3 a4 21. Qg3 f4 22. Qf3 Qg5 23. Re4 Qxc5 {[%emt 0:22:40] ...
Bd5 is the strong threat.} 24. Qxf4 b5 25.
Rd4 Bd5 26. Qe5 Qf8 27. c4 (27. Bxb5 $5 Re8 28. Qg5 $14) 27... Re8 28. Qf4 bxc4 (28... Bxc4 $11
{should be considered.} 29. Bxc4 c5) 29. Bxc4 $14 Qg7 30. Bxd5 cxd5 $16 {[%emt 0:00:01] Endgame
KQR-KQR} 31. Qd2 (31. Rd2 $16) 31... Re1+ 32.
Kh2 Re2 33. Qf4 Rxb2 34. Rxd5 {[%emt 0:01:07] And now Rd8+ would win.} h5 35. Qxa4 (35. Rd8+ $16 Kh7 36. Ra8) 35... Rxf2 $11 36. Qe8+ Kh7 37. a4 Qf6 {[%emt 0:00:31] ( -> ...Qf4+)} (37... Qb2 $5 38. Qe4 Kg7 $11) 38.
Qe5 {[%emt 0:01:01] [#]} (38. Qe4 $11) 38... Qf3 ({Black
should try} 38... Qc6 $1 $17) 39. Qg5 {[%emt 0:00:49] Active counter play! The
position is equal.} Qf4+ 40. Qxf4 Rxf4 {
[%emt 0:00:03] KR-KR} 41. Ra5 h4 42. Ra7 Kh6 43. a5 f5 44. a6 Ra4 45.
Kg1 Ra1+ 46. Kf2 Kg5 47. Ra8 $1 Kf6 48. Ke3 (48. a7 $5 Kg5 49. Kf3 $11) 48... Kg5 49. a7 Ra4 50. Kf3 Ra3+ 51. Ke2 $1 Kf4 52. Rg8
$1 Rxa7 53. Rxg6 Ra2+ 54. Kf1 Ra4 55. Kf2 Ra2+ 56. Kf1 $1 Rb2 57. Rg8 Ke3 58. Re8+ Kf4 59. Rg8 Ra2 60. Rg7 Ke3 61. Re7+ Kf4 62. Rg7 Ra4 63. Kf2 Ra2+ 64. Kf1 Ke3 65. Re7+ {[%emt 0:00:03] Weighted Error Value: White=0.09 
(flawless) /Black=0.07 (flawless)} 1/2-1/2

[Event "44th Chess Olympiad Women 2022"]
[Site "Chennai"]
[Date "2022.08.03"]
[Round "6.25"]
[White "Masoumi, Sahar"]
[Black "Noshin, Anjum"]
[Result "1/2-1/2"]
[WhiteElo "1956"]
[BlackElo "2027"]
[Annotator "NA RC"]
[PlyCount "145"]
[EventDate "2022.??.??"]
[TimeControl "60"]

1. e4 e5 2. Nf3 Nc6 3. Bb5 a6 4. Ba4 Nf6 5. O-O b5 6. Bb3 Bc5 7. d3 d6 8. c3 O-O 9. a4 Rb8 10. h3 h6 11. Re1 Re8 12. Nbd2 Bb6 13.
Nf1 Ne7 14. Ng3 Ng6 15. Be3 Bxe3 16. fxe3 Be6 17. Bc2 b4 18. d4 bxc3 19. bxc3 c6 20. a5 Qc7 21. Bd3 d5 22. exd5 cxd5 23.
Bxg6 exd4 24. Ne2 fxg6 25. Nfxd4 Bf7 26. Qd3 Qc4 27. Qd2 Ne4 28. Qc2 Nd6 29. Nc1 Rbc8 30. Na2 Nb5 31. Rac1 Nxd4 32. exd4 Rxe1+ 33. Rxe1 Qxd4+ 34. cxd4 Rxc2 35. Nb4 Rc4 36.
Nxa6 Ra4 37. Nc7 Rxa5 38. Re5 Ra4 39. Nxd5 Rxd4 40. Ne3 Rd8 41. Kf2 Re8 42. Rxe8+ Bxe8 43. Nc4 g5 44. Ne5 g6 45. Kg3 Kg7 46. Nc4 Kf6 47. Ne3 h5 48. Nc4 Bd7 49. Ne3 Ke5 50. Kf2 Bc6 51. Nc4+ Kf5 52. Ne3+ Kf4 53. Nc4 Bd7 54. Ne3 g4 55. hxg4 Bxg4 56. g3+ Ke4 57. Ng2 g5 58. Ne1 Bd7 59. Nf3 Kf5 60. Nh2 g4 61. Nf1 Kg5 62. Ne3 Bb5 63. Ng2 Bc6 64. Ne3 Bf3 65. Nf1 Be4 66. Ne3 Bf3 67. Nf1 h4 68. gxh4+ Kxh4 69. Nh2 g3+ 70. Kxf3 Kh3 71. Ng4 g2 72. Kf2 Kxg4 73. Kxg2 1/2-1/2

[Event "44th Chess Olympiad Women 2022"]
[Site "Chennai"]
[Date "2022.08.03"]
[Round "6.25"]
[White "Sultana, Sharmin Shirin"]
[Black "Alinasab, Mobina"]
[Result "0-1"]
[WhiteElo "1995"]
[BlackElo "2364"]
[Annotator "TA"]
[PlyCount "86"]
[EventDate "2022.??.??"]
[TimeControl "60"]

1. d4 Nf6 2. Nf3 e6 3. e3 b6 4. Bd3 Bb7 5. Nbd2 c5 6. O-O cxd4 7. exd4 Be7 8. Qe2 O-O 9. c3 d6 10. Nc4 {[%emt 0:01:41] A47:1 d4 Nf6 2 Nf3 b6: Torre, London
and Colle Systems.} Qc7 11. h3 Nbd7 12. Bf4 {[%emt 0:00:26] The position is equal.} Rfe8 13. Bh2 {[%emt 0:00:48] [#]} Rac8 $146 ({
Predecessor:} 13... Nf8 14. a4 a6 15. a5 b5 16. Nb6 Ra7 17. Nd2 N8d7 18. Nxd7
Qxd7 19. Rfe1 Qc6 {0-1 (61) Sukandar,I (2413)-Tomilova,E (2353) Chess.com INT
2021}) 14. Nfd2 Bf8 15. f4 g6 16. Rae1 b5 17. Ne3 a6 18. Qf2 Qb6 19. Bg3 a5 20. Bh4 b4 21. Nec4 Qc7 22. Rc1 Bc6 23. Ne3 (
23. Ne5 $11) 23... bxc3 $15 24. bxc3 Rb8 25. f5 Bg7 (25... exf5 $17 {
aiming for ...Bh6.} 26. g4 Rb2 27. gxf5 Bb7) 26. fxg6 $11 fxg6 27. Bg3 (27. Nf3 $142) 27... e5 28. dxe5 (28. Bh2 $11 {keeps the balance.}) 28... Nxe5
$17 29. Bxe5 dxe5 30. Ndc4 (30. Qh4 $17 Nh5 31. Nf3) 30... e4 $19 31. Be2 Rf8 ({Black should
play} 31... Nd5 {Hoping for ...Rf8.} 32. Nxd5 Bxd5) 32. Qh4 {[%emt 0:00:23]
Loses the game.} (32. Qf4 $17 {was the only chance.} Qxf4 33. Rxf4) 32... Nd5 33. Kh1 Nxc3 34. Bg4 (34. Rc2 $142) 34... Nxa2 35. Rcd1 Nc3 36. Be6+ Kh8 37. Nd6 (37. Rxf8+ $142
Rxf8 38. Rd2) 37... Rxf1+ 38. Nxf1 Rf8 39. Nf7+ Rxf7 40. Bxf7 Nxd1 41. Bxg6 h6 42. Bf5 Qd6 43. Nh2 Ne3
{[%emt 0:00:18] Weighted Error Value: White=0.93/Black=0.34} 0-1

[Event "44th Chess Olympiad Women 2022"]
[Site "Chennai"]
[Date "2022.08.03"]
[Round "6.26"]
[White "Mendoza, Shania Mae"]
[Black "Ortiz Verdezoto, Anahi"]
[Result "0-1"]
[WhiteElo "2153"]
[BlackElo "2046"]
[Annotator "TA"]
[PlyCount "120"]
[EventDate "2022.??.??"]
[TimeControl "60"]

1. e4 e5 2. Nf3 d6 3. d4 exd4 4. Nxd4 Nf6 5. Nc3 g6 6. Bg5 Bg7 7. Qd2 h6 {[%emt 0:08:20] 7...0-0 is vanishing. C41: Philidor Defence.} 8. Bf4
{[%emt 0:03:20] 8.Bf4 was played by the boomers.} ({Reject} 8. Bb5+ c6 9. Bxf6
Qxf6 $17) 8... Nc6 9. Nxc6 bxc6 {[%emt 0:00:
00] White is slightly better.} 10. Be2 Be6 11. O-O Rb8 {[%emt 0:00:15] [#]} 12. b3 $146 ({Predecessor:} 12. Rab1 h5 13. Bg5 Qc8 14. f4 O-O 15. f5 Bd7 16. Bd3 Qe8 17.
h3 Nh7 18. f6 {1-0 (36) Chocenka,D (2224)-Klabis,R (2235) Lithuania 2014})
12... Qd7 (12... Nd7 $14) 13. Rad1 d5 (13... Ng4 $142) 14. e5 Ng4 15. Bxg4 Bxg4 16. f3 Be6 17. Na4 Qe7 18. Qc3 O-O 19. Be3 Rfe8 20.
Bxa7 Ra8 21. Bd4 Bd7 22. Rde1 Qg5 (
22... c5 $16 23. Nxc5 (23. Bxc5 Qe6 $16) 23... Rxa2) 23. f4 $18 Qf5 24. Qd3 (24. Ra1 $18 {has better
winning chances.}) 24... Qh5 (24... Bf8 $16 {was necessary.})
25. h3 Qh4 26. Re2 (26. Rf2
$18) 26... Bc8 $16 27. Nc5 {[%emt 0:07:48] Inhibits Ba6.} Bf5 (27... Rxa2 $16 28. Qc3 Bf8) 28. Qd1 $2 (28.
Qc3 $18) 28... Rxa2 $11 29. Na4 Ra8 30. Qb1 R2xa4 (30... Bd3 $5 31. Ref2 R2xa4 32. bxa4 Bxf1 33. Rxf1 Rxa4 $15) 31. bxa4 Rxa4 32. Rd2 {[%emt 0:00:51] [#] Strongly threatening
Qb8+.} Kh7 33. Qe1 Qe7 34. Qf2 Rc4 {[%emt 0:00:06] Prevents Bc5.} 35. c3 (35. Ra1 $11) 35... c5 $15 36. Be3 Be4 37. Qe1 (37. Rb2 $15) 37... Rxc3
$19 38. Rdf2 (38. Ra2 $142 Rd3 39. Bf2) 38...
Rb3 39. Qc1 $2 (39. Ra2 {is tougher.}) 39...
d4 40. Bd2 Bd3 {[%emt 0:02:19] Prevents Qc4.}
41. Re1 c4 42. Qa1 c3 43. Bc1 c5 44. Qa8 Qb7 45. Qe8 Bb5 {
[%emt 0:00:00] A strong pair of Bishops.} 46. Qd8 Qd7 ({Don't go for} 46... d3 $2 47. Ra2 d2 48. Bxd2 cxd2 49. Rxd2
$19) 47. Qb6 (47. Qxd7 $142 Bxd7 48. Ra2) 47... Qd5 48. Qc7 d3 49. Be3 d2 50. Bxd2 cxd2 51. Rd1 Rd3 52. Qa5 {[%emt 0:00:00] Against Ba4} c4 {
[%emt 0:00:00] [#] ...c3 is the strong threat.} 53. Rdxd2 Bf8
{[%emt 0:00:00][%cal Yf8c5] And now ...Bc5! would win.} 54. Kh2 Bc6 55. Qa2 Bc5 {[%emt 0:00:50] ( -> ...
Rxd2)} 56. Rfe2 Rxd2 (56... Be3 $142 57. Rxd3
Bxf4+ 58. Kg1 cxd3) 57. Qxd2 Qxd2 58. Rxd2 c3 59. Ra2 Be4 60. Ra4 c2 {[%emt 0:00:00] Quite a
comeback for Black. Weighted Error Value: White=0.72/Black=0.23 (precise)} 0-1

[Event "44th Chess Olympiad Women 2022"]
[Site "Chennai"]
[Date "2022.08.03"]
[Round "6.26"]
[White "Mordido, Kylen Joy"]
[Black "Miranda Vargas, Analia Karen"]
[Result "1-0"]
[WhiteElo "2023"]
[BlackElo "1723"]
[Annotator "NA RC"]
[PlyCount "69"]
[EventDate "2022.??.??"]
[TimeControl "60"]

1. c4 c5 2. Nf3 Nc6 3. d4 cxd4 4. Nxd4 g6 5. e4 Bg7 6. Nc2 Nf6 7. Nc3 d6 8. Be2 O-O 9. Be3 Be6 10. O-O Qd7 11. f3 a6 12. Qd2 Qc7 13.
Rac1 Ne5 14. b3 Rac8 15. Rfd1 h5 16. h3 Kh7 17. Nd4 Qa5 18.
f4 Nc6 19. Nf3 Rcd8 20. Bd3 Bc8 21. Qf2 Nd7 22. Nd5 Rde8 23.
Bb1 e6 24. Nb6 Nxb6 25. Bxb6 Qb4 26. Bc7 Qc5 27. Bxd6 Qxf2+ 28. Kxf2 Rg8 29. Ng5+ Kh8 30. Nxf7+ Kh7 31. e5 Ne7 32. Ng5+ Kh6 33. g4 Bf8 34. Ne4 Bg7 35. Nf6 1-0

[Event "44th Chess Olympiad Women 2022"]
[Site "Chennai"]
[Date "2022.08.03"]
[Round "6.26"]
[White "Penafiel Mendoza, Josselyne"]
[Black "San Diego, Marie Antoinette"]
[Result "1/2-1/2"]
[WhiteElo "1804"]
[BlackElo "2101"]
[Annotator "NA RC"]
[PlyCount "104"]
[EventDate "2022.??.??"]
[TimeControl "60"]

1. d4 d5 2. c4 e6 3. Nc3 c6 4. e3 Nf6 5. Bd3 dxc4 6. Bxc4 b5 7. Bd3 Bb7 8. Nf3 a6 9. O-O Nbd7 10. b3 Rc8 11. Bb2 c5 12. Qe2 Qb6 13.
a4 Bxf3 14. Qxf3 c4 15. axb5 cxd3 16. bxa6 Qd8 17. a7 Nb6 18. Nb5 Na8 19. Rfc1 Nd5 20. e4 Ndb6 21. Qxd3 Be7 22. Rxc8 Nxc8 23. Qg3 O-O 24. Rc1 Nd6 25. d5 f6 26. Nxd6 Bxd6 27. Qg4 exd5 28. Qe6+ Kh8 29. Qxd5 Bc7 30. Ba3 Re8 31. g3 Bb6 32. Bc5 Qxd5 33. exd5 Rc8 34. b4 Bxa7 35. Ra1 Bxc5 36. bxc5 Kg8 37. d6 Kf7 38. Ra7+ Ke6 39. Re7+ Kd5 40. d7 Rd8 41. Re8 Rxd7 42. Rxa8 Kxc5 43. Rh8 g6 44. Kg2 Kd5 45. f3 Ke6 46. g4 Ra7 47. Kg3 Rb7 48. h4 Ra7 49. h5 gxh5 50. gxh5 Kf5 51. Rg8 Ra1 52. Rh8 Ra7 1/2-1/2

[Event "44th Chess Olympiad Women 2022"]
[Site "Chennai"]
[Date "2022.08.03"]
[Round "6.27"]
[White "Borda Rodas, Anapaola S."]
[Black "Bacic, Kristina"]
[Result "1-0"]
[WhiteElo "2183"]
[BlackElo "1866"]
[Annotator "NA RC"]
[PlyCount "57"]
[EventDate "2022.??.??"]
[TimeControl "60"]

1. e4 c6 2. d4 d5 3. e5 Bf5 4. h4 c5 5. dxc5 Nc6 6. Nf3 e6 7. a3 Bg4 8. b4 a5 9. Bg5 Qc7 10. Nbd2 Nxe5 11. Bf4 Nd3+ 12. cxd3 Qxf4 13. Qa4+ Kd8 14. d4 Bxf3 15. Nxf3 Nf6 16. Bd3 Ne4 17. O-O Be7 18. Ne5 Nf6 19. Nxf7+ Kc7 20. Nxh8 Ng4 21. g3 Qxd4 22. Qd1 Bxh4 23. Be2 Qe5 24. Bxg4 Bxg3 25. Qf3 Bh2+ 26. Kh1 Rxh8 27. Rae1 Qg5 28. Kxh2 h5 29. Bxe6 1-0

[Event "44th Chess Olympiad Women 2022"]
[Site "Chennai"]
[Date "2022.08.03"]
[Round "6.27"]
[White "Koljevic, Nikolina"]
[Black "Campos, Maria Jose"]
[Result "1/2-1/2"]
[WhiteElo "2014"]
[BlackElo "2185"]
[Annotator "TA"]
[PlyCount "169"]
[EventDate "2022.??.??"]
[TimeControl "60"]

1. e4 e5 2. Nc3 Nf6 3. Nf3 Nc6 4. Bb5 Bd6 5. d4 Nxd4 6. Nxd4 {[%emt 0:00:10] C48: Four Knights: 4 Bb5, replies
other than 4...Bb4.} exd4 7. Qxd4 O-O (7... Qe7 $5 ) 8. Bg5 {[%emt 0:04:49] White is
slightly better.} Re8 {[%emt 0:00:00] [#]} 9. f4 $146 {[%emt 0:06:41] Prevents
Be5.} (9. Bxf6 $5 gxf6 10. O-O $11) ({Predecessor:} 9. Bxf6 Qxf6 10. Qxf6 gxf6
11. O-O-O a6 12. Ba4 b5 13. Bb3 Bb7 14. f3 Kg7 15. Kb1 {1-0 (37) Milanova,
M-Galunova,T (1965) Plovdiv 2010}) 9... h6 10. Bxf6 Qxf6 11. Qxf6 gxf6 12. O-O c6 13. Bd3 Bc5+ 14. Kh1 Bd4 15. Ne2 Bxb2 16. Rab1 Ba3 17. Ng3 b6 18. Nh5 Be7 19. Rf3 Kh8 20. e5 d5 21. exd6 $1 Bxd6 22. Nxf6 Re6 (22... Rd8 $11 {is more
appropriate.}) 23. Ne4 (23. Ng4 $1 $14) 23... Bf8 $11 24. f5 Re5 25. Nd2 Bd7 26. Nc4 Ree8 (
26... Rd5 $15) 27. Rd1 c5 28. Ne3 (28. Kg1 $15) 28... Bc6 $17 29. Rh3 Rad8 30. Be2 {[%emt 0:04:11] Against Bb5} Rd4 {
[%emt 0:01:14] Threatens to win with ...Rde4.} 31. Kg1 Ba4 32. Kf2 Bg7 33. Bf3 (33. Rd3 $17 {keeps fighting.}) 33... Kg8 $1 $19 34.
f6 Bxf6 {[%emt 0:00:42] aiming for ...Rxd1.} 35. Nf5 (35. Ng4 $17 Bg7 36. Nxh6+ Kf8 37. Nf5) 35... Bxc2 {[%emt 0:00:00]
This bishop pair is nice.} 36. Nxd4 Bxd1 ({
Not} 36... cxd4 37. Rd2 Bf5 38. Rxh6 $15) (36... Bxd4+ 37. Rxd4 cxd4 38. Rxh6
$17) 37. Bxd1 {[%emt 0:01:23] Strongly threatening Nf5.} Bxd4+ {[%emt 0:00:00]
Endgame KRB-KRB} 38. Kf1 Kg7 39. Rg3+ Kf8 40. Be2 Re4 41. Bd3 Rh4 42. h3 Rf4+ 43. Rf3 Rxf3+ 44. gxf3 $17 {
[%emt 0:00:02] KB-KB} Ke7 45. Ke2 Kd6 46. Bc4 f6 47. f4 Bb2 $1 48. a4 {[%emt 0:00:00] [#]} Bc1 $1 49. Kf3 {[%emt 0:00:00] [#]} h5 ({Better is} 49... f5 $1
$17 50. h4 Bd2) 50. Ke4 $15 Bd2 51. f5 Be1 52. Be2 Bf2 53. Bb5 c4 54. Bxc4 Kc5 55. Kd3 Kb4 56. Bb5 h4 57. Kc2 Kc5 58. Kb3 Kd4 59. Be2 Be1 60. Bf3 a6 61. Be2 Ke3 62. Bg4 Kd3 63.
Bf3 Ba5 64. Bg4 Ke4 65. Kc4 Be1 66. Kb3 $1 Bf2 67. Kc4 Ke3 68. Kb3 Kd3 69. Bf3 Bg3 70. Bg4 Bd6 71. Bf3 Kd4 72. Bg4 Bf8 73. Bf3 Kc5 74. Be2 Kd5 75. Bg4 a5 {[%emt 0:00:00] Black is slightly
better.} 76. Be2 Kc5 77. Bf3 Bh6 78. Be2 Bd2 79. Bf3 Bb4 80. Be2 Kd4 81. Bf3 Kd3 82. Bg4 Ke3 83. Kc4 Bc5 84. Kb5 Kd3 85. Bf3 {[%emt 0:00:08] Black had all
chances to win. Weighted Error Value: White=0.11 (very precise) /Black=0.09 
(flawless)} 1/2-1/2

[Event "44th Chess Olympiad Women 2022"]
[Site "Chennai"]
[Date "2022.08.03"]
[Round "6.27"]
[White "Mosurovic, Milena"]
[Black "Besso, Guadalupe"]
[Result "1/2-1/2"]
[WhiteElo "1452"]
[BlackElo "2059"]
[Annotator "NA RC"]
[PlyCount "201"]
[EventDate "2022.??.??"]
[TimeControl "60"]

1. e4 c5 2. Nc3 Nc6 3. g3 g6 4. Bg2 Bg7 5. d3 d6 6. Be3 Rb8 7. Qd2 b5 8. Nd1 e6 9. Ne2 Nge7 10. Bh6 O-O 11. Bxg7 Kxg7 12. Ne3 e5 13. O-O Be6 14. f4 f6 15. f5 Bf7 16. fxg6 hxg6 17. Ng4 Ng8 18.
Rf2 Be6 19. Ne3 Nce7 20. Raf1 d5 21. exd5 Nxd5 22. Nxd5 Bxd5 23. Bxd5 Qxd5 24. Nc3 Qd4 25. Ne4 c4 26. Qa5 Rb7 27. Qa6 Qb6 28. Qxb6 Rxb6 29. Rd2 Rd8 30. dxc4 Rxd2 31. Nxd2 Rd6 32. Rf2 b4 33. Nb3 Rc6 34. c5 Kf7 35. Rd2 Ke6 36. Kf2 Ne7 37. Kf3 f5 38. h4 Ra6 39. Rd6+ Rxd6 40. cxd6 Kxd6 41. Ke3 Kd5 42. Nd2 Nc8 43. b3 Nd6 44. Nf3 Nb5 45. Ng5 Nd4 46. Kd2 Nb5 47. Nf7 Nc3 48. Nh8 Ne4+ 49. Ke3 Nxg3 50. Nxg6 Kd6 51. Kf3 Nh5 52. Nf8 Nf6 53. Ke3 Kd5 54. Ng6 Ke6 55. Kf3 Nh7 56. h5 Kf6 57. Kg3 Ng5 58.
Nf8 f4+ 59. Kf2 e4 60. Nd7+ Kf5 61. Nc5 Kg4 62. h6 e3+ 63. Ke2 Nh7 64. Nd3 a5 65. Ne5+ Kf5 66. Nd3 Ke4 67. Nc5+ Kf5 68. Nd3 Kg4 69. Ne5+ Kg3 70. Nf3 Kg4 71. Ne5+ Kf5 72. Nd3 Ng5 73. Kf1 f3 74. Ne1 Ke4 75. Nd3 Nh7 76. Ke1 Kd4 77. Nf4 Ke4 78. Nd3 Kf5 79. Kf1 Kg4 80. Ne5+ Kg3 81. Nd3 Ng5 82. Nc1 Kh4 83. Nd3 Kg3 84. Nc1 Kh2 85. Nd3 Kg3 86. Nc1 Kh4 87. Nd3 Kh5 88. Ne5 e2+ 89. Kf2 Kxh6 90. Nxf3 Nxf3 91. Kxe2 Nd4+ 92. Kd3 Nb5 93. Kc4 Nc3 94. a3 bxa3 95. Kxc3 Kg5 96. b4 axb4+ 97. Kb3 Kf4 98. c3 bxc3 99. Kxc3 a2 100. Kb2 Ke4 101. Kxa2 1/2-1/2

[Event "44th Chess Olympiad Women 2022"]
[Site "Chennai"]
[Date "2022.08.03"]
[Round "6.27"]
[White "Zuriel, Marisa"]
[Black "Milovic, Aleksandra"]
[Result "1/2-1/2"]
[WhiteElo "2174"]
[BlackElo "2129"]
[Annotator "TA"]
[PlyCount "128"]
[EventDate "2022.??.??"]
[TimeControl "60"]

1. e4 d5 2. exd5 Nf6 3. d4 Bg4 4. Bb5+ c6 5. dxc6 Qa5+ 6. Nc3 {[%emt 0:00:07] B01: Scandinavian Defence.} Nxc6 7. Nge2 O-O-O 8. Bxc6 {[%emt 0:00:11] White
is better.} (8. f3 e5 9. fxg4 exd4 $15) 8... bxc6 9. h3 (9. f3 $6 e5 10. Bd2 (10. fxg4 exd4 11. Nxd4 Bc5 $15) 10... Bh5
$11) 9... Bh5 10. O-O e5 11.
Qd3 Bxe2 12. Nxe2 e4 13. Qc4 {[%emt 0:04:05][%csl Yc6,Yf7] [#]} Qb5 $146 ({Predecessor:} 13... Qd5 14. Qa6+ Kb8 15. c4 Qd7 16. b4 Ne8 17. b5
cxb5 18. c5 Qb7 19. Qa5 Rc8 {1-0 (27) Siger,C (1680)-Verich, O (1179) LSS
email 2014}) 14. Qxb5 ({Not} 14. Qxf7 Qxe2 15. Bf4 (15. Qxa7
Qb5 $11) 15... Rd7 $11) 14... cxb5 15. Bg5 Rd5 16. Bxf6 gxf6 17. a4 b4 18. c4 bxc3 19. bxc3 Rg8 20. Kh1 Rdg5 21. Rg1 (21. Ng3 $18) 21... Bd6 22. c4 f5 23. Nc3 Re8 24. c5 Bb8 25. Rge1 (25. Ra2 $16) 25... Reg8 $1 $11 26. Nd5 Rd8 27. Nb4 Rxd4 28. Nc6 Rd2 29.
Kg1 Bf4 (29... Bg3 $1 $11 30. fxg3 Rxg3) 30.
h4 ({Worse is} 30. Nxa7+ Kb7 31. Nb5 e3 32. c6+ Kb6 33. fxe3
Be5 $17) (30. Red1 $16) 30... e3 31. hxg5 exf2+ 32. Kf1 fxe1=Q+ 33.
Rxe1 {[%emt 0:00:00] Endgame KRB-KRN} Kb7 34. Ne5 Bg3 (34... Bxg5 $2 35. Nf3 Ra2 36. Nxg5 $18) 35. Rb1+ Kc7 36. Nxf7 Rf2+ 37. Kg1 Rc2 38. Nd6 (38. Kf1 {seems wilder.} Ra2 39. Rb3 f4 40. Nd6) 38... Rxc5 39. Ne8+ Kd8 40. Nf6 Ke7 41. Nxh7 Kf7 42. Rb7+ Kg6 $1 43. Nf8+ Kh5 44. Kf1 Re5 $1 45. Rb1 {[%emt 0:00:00] Inhibits Re1+.} (45. Rh7+ {
leads to mate.} Kg4) 45... Kxg5 46. Rd1 ({
White should try} 46. Nd7 $15 Re3 47. Nc5) 46... Re4 47. a5 (47. Nh7+ $17 {might work better.} Kh6 48. Nf6 Rxa4 49. Nd5)
47... Rf4+ $19 48. Ke2 {[%emt 0:02:51] Strongly threatening
Ne6+.} Rf2+ 49. Kd3 Ra2 (
49... Rxg2 $19 {Hoping for ...Ra2.} 50. Ra1 f4) 50. Rd2 Rxa5 51. Ne6+ Kf6 $1 52. Nd4 {
[%emt 0:00:52] [#]} Be5 $1 {[%emt 0:03:03] aiming for ...Rd5.} 53. Nc6 {
[%emt 0:12:41] [#]} Rd5+ 54. Ke2 Rxd2+ 55. Kxd2 $17 {[%emt 0:00:01] KB-KN} a6 56. Kd3 Bc7 ({Better is} 56... Bf4 $17 57. Kc3 Kg5)
57. Nb4 $11 {[%emt 0:00:46] The position is equal.} Bd6 58.
Nxa6 Ke5 59. Ke3 Kd5 60. Kf3 Ke5 61. Ke3 Kf6 62. Kf2 Kg5 63.
Kf3 Kh4 64. Nc5 Bxc5 {
[%emt 0:00:05] What a bad dream for Black. Weighted Error Value: White=0.15 
(very precise) /Black=0.15 (very precise)} 1/2-1/2

[Event "44th Chess Olympiad Women 2022"]
[Site "Chennai"]
[Date "2022.08.03"]
[Round "6.28"]
[White "Aydin, Gulenay"]
[Black "Junior, Ednasia"]
[Result "1-0"]
[WhiteElo "2100"]
[BlackElo "1849"]
[Annotator "NA RC"]
[PlyCount "83"]
[EventDate "2022.??.??"]
[TimeControl "60"]

1. e4 c5 2. Nf3 e6 3. g3 Nc6 4. Bg2 g6 5. d4 cxd4 6. Nxd4 d6 7. O-O a6 8. Nxc6 bxc6 9. e5 d5 10. Nd2 Bg7 11. Nf3 Ne7 12. Bg5 h6 13. Bf4 O-O 14. Qd2 Kh7 15.
Be3 Nf5 16. Bc5 Rg8 17. a4 Bf8 18. Qc3 Bd7 19. Rfb1 a5 20.
Nd4 Bxc5 21. Qxc5 Nxd4 22. Qxd4 Qe7 23. b3 Rgb8 24. h4 h5 25.
Re1 Rb4 26. Qd2 Rab8 27. Bf3 Bc8 28. Qe2 R8b6 29. Kg2 c5 30.
Rad1 Ba6 31. Qe3 c4 32. c3 Rxb3 33. Rd4 Rb2 34. Rf4 Kg8 35.
Rf6 Kf8 36. Bxd5 Bb7 37. Bxb7 Qxb7+ 38. Rf3 Kg8 39. Rd1 Rc2 40. Rd8+ Kh7 41. Rf8 Kg7 42. R8xf7+ 1-0

[Event "44th Chess Olympiad Women 2022"]
[Site "Chennai"]
[Date "2022.08.03"]
[Round "6.28"]
[White "Caxita, Esperanca"]
[Black "Atalik, Ekaterina"]
[Result "0-1"]
[WhiteElo "1955"]
[BlackElo "2422"]
[Annotator "TA"]
[PlyCount "132"]
[EventDate "2022.??.??"]
[TimeControl "60"]

1. e4 e5 2. Nf3 Nc6 3. Bc4 Nf6 4. d3 h6 5. c3 d6 6. Nbd2 g6 {[%emt 0:00:53] C55: Two Knights: 4 d3,
4 d4 exd4 5 e5 and Max Lange Attack.} 7. Nf1 Bg7 {[%emt 0:00:
57] [#]} 8. Bd2 $146 ({Predecessor:} 8. Ng3 Qe7 9. O-O O-O 10.
h3 Na5 11. Bb5 a6 12. Ba4 b5 13. Bc2 c5 14. d4 cxd4 15. cxd4 Bd7 {1-0 (15)
Caruana,F (2806)-Megaranto,S (2550) Krasnaya Polyana 2021}) 8... O-O {[%emt 0:
02:11] The position is equal.} 9. Qc1 Kh7 10.
Ne3 {[%emt 0:00:21] Inhibits d5.} Ne7 11. h3 d5 12. exd5 Nfxd5 13. Ng4 Nf5 (13... Bxg4 14. hxg4 Rh8 15.
Qd1 $14 (15. Bxh6 Kg8 $14)) ({Better is} 13... h5 $1 $15) 14. Bxd5 (14. Nfxe5 $2 Bxe5 15. Nxe5 Re8 $19) (14. O-O $11) 14... Qxd5 $15 15. Bxh6 Qxd3 (15... Nxh6 16.
Qxh6+ $1 Bxh6 17. Nf6+ Kg7 18. Nxd5 $11) 16. Ng5+ Kg8 {
[%emt 0:07:41] Black is more active.} 17. Bxg7 Kxg7 18. Qd2 Qxd2+ 19. Kxd2 Nd6 20. Ne3 (20. Nxe5 $2 f6 21. Nxg6
Kxg6 $19) 20... f6 21. Nf3 b6 22. Rhd1 Bb7 23. Ke2 Rad8 24. Rac1 Kf7 25. Rc2 Ne4 26. Rcc1 Nc5 27. b3 Bxf3+ 28. Kxf3 Nd3 29. Rc2 f5 30. g3 (30. Rcd2 $15) 30... Ke6 31.
Ke2 e4 32. f3 $2 (32. Ng2 $1
$15) 32... f4 $1 $19 33. fxe4 fxg3 34. Rf1 (34. Nd5 Nf2 35.
Nxc7+ Ke5 36. Rxd8 Rxd8 37. Kf3) 34... Nf4+ 35. Ke1 Nxh3 (35... Ke5 $142 36. Rg1 Nd3+ 37. Kd1 Rf2 38. Rxf2
gxf2) 36. Rxf8 (36. Rg2 {only move.}) 36... Rxf8 {[%emt 0:00:
04] Endgame KRN-KRN} 37. Rg2 Rf3 38. Ke2 (38. Nf1 $142) 38... Rf2+ (38... Ng5 $142 39.
Nf1 Ke5 40. Nxg3 Rxc3) 39. Rxf2 gxf2 {[%emt 0:00:09] KN-KN} (
39... Nxf2 40. Kf3 $17) 40. Ng4 a5 41. a3 Kd6 42. Kf1 $2 (42. Nh2 {
was called for.}) 42... Ng5 43. e5+ Ke6 44. Kxf2 Kf5 45. Nh6+ Kxe5 46. Ke3 Ne6 47. b4 $2 (47. Nf7+ Kf6 48. Nh6) 47... a4 48. c4 g5 49. Ng4+ Kf5 50. Nh6+ Kg6 51. Ng4 Kh5 52. Nf6+ (52. Nh2) 52...
Kh4 $1 53. Ke4 g4 {[%emt 0:02:33] Threatens
to win with ...g3.} 54. Nd5 g3 {[%emt 0:04:49] And now ...g2
would win.} 55. Ne3 Kh3 56. Kd5 Nd8 (56... g2 $2 57. Nxg2 Ng5 58. Ne3 $18) 57. c5 bxc5 (57... g2 58. Nxg2 Kxg2 59. cxb6 cxb6 60.
Kd6 $11) 58. Kxc5 Ne6+ (58... g2 59. Nxg2
Kxg2 60. b5 $11) (58... Nb7+ $142 59. Kd4 Nd6) 59. Kd5 Nf4+ (59... g2 $2 60. Nxg2 Ng7 61. Nf4+ Kg4 62. Ne6 $18) 60. Kc6 {
[%emt 0:00:33] [#]} Nd3 $2 ({And not} 60... g2 61. Nxg2 Kxg2
62. Kxc7 $11) (60... Ne2 $1 $19 {[%cal Re2d4] and Black stays clearly on top.}
61. Kc5 Nc3) 61. b5 $17 Ne5+ ({Reject} 61...
g2 $6 {[#]} 62. Nxg2 $1 Kxg2 63. Kxc7 $11) 62. Kd5 $2 (62.
Kxc7 $17 Nc4 63. b6 (63. Nxc4 $2 g2 $19) 63... Nxe3 64. b7) 62... Ng4 {[%emt 0:
00:59] Black mates.} (62... g2 $2 63. Nxg2 Nd3 64. Ne3 $18) 63. Nxg4 Kxg4 64. Kc6 g2 65.
Kxc7 g1=Q 66. b6 Qc5+ {
[%emt 0:00:06] Weighted Error Value: White=0.61/Black=0.42} 0-1